 Dungeon Crawl Stone Soup version 0.25-a0-516-g7d600cd (webtiles) character file.

Game seed: 11205147814917946674, levelgen mode: deterministic

53 Faels the Skirmisher (level 3, -2/29 HPs)
             Began as a Demonspawn Fighter on Feb 16, 2020.
             Slain by an adder (4 damage)
             ... on level 4 of the Dungeon.
             The game lasted 00:02:42 (1215 turns).

Faels the Skirmisher (Demonspawn Fighter)           Turns: 1215, Time: 00:02:43

Health: -2/29      AC:  6    Str: 22    XL:     3   Next: 62%
Magic:  3/3        EV:  7    Int:  9    God:
Gold:   38         SH:  9    Dex: 12    Spells: 2/2 levels left

rFire    . . .     SeeInvis .   a - +0 war axe
rCold    . . .     Gourm    .   c - +0 kite shield
rNeg     . . .     Faith    .   b - +0 scale mail
rPois    .         Spirit   .   (no helmet)
rElec    .         Reflect  .   (no cloak)
rCorr    .         Harm     .   (no gloves)
MR       .....                  (no boots)
Stlth    ..........             (no amulet)
HPRegen  0.09/turn              (no ring)
MPRegen  0.08/turn              (no ring)

@: mighty, lethally poisoned (-2 -> -14)
A: talons 1
a: no special abilities


You were on level 4 of the Dungeon.
You were not hungry.

You visited 1 branch of the dungeon, and saw 3 of its levels.

You collected 38 gold pieces.

Inventory:

Hand Weapons
 a - a +0 war axe (weapon)
 j - a +0 spear
 o - a +0 short sword of electrocution
Missiles
 n - 12 poisoned darts (quivered)
Armour
 b - a +0 scale mail (worn)
 c - a +0 kite shield (worn)
Scrolls
 i - 2 scrolls of teleportation {unknown}
 l - a scroll of immolation {unknown}
 p - a scroll of identify {unknown}
 q - a scroll of amnesia {unknown}
Potions
 e - a potion of curing {unknown}
 g - a potion of resistance {unknown}
 h - a potion of flight {unknown}
 k - a potion of degeneration {unknown}
 m - a potion of haste {unknown}
Comestibles
 f - 4 rations


   Skills:
 + Level 3.4 Fighting
 * Level 2.9 Axes
 - Level 2.6 Armour
 + Level 1.2 Dodging
 - Level 2.6 Shields


You had 2 spell levels left.
You didn't know any spells.
Your spell library was empty.

Dungeon Overview and Level Annotations

Branches:
Dungeon (2/15)

Altars:


Innate Abilities, Weirdness & Mutations

You have sharp toenails.


Message History

You slash the bullfrog skeleton!
Your shield and scale mail prevent you from hitting the adder.
You slash the hound!
You kill the hound!
Your Dodging skill increases to level 1!
You have reached level 3!
Your experience leads to an increase in your attributes!
Your base attributes are Str 16, Int 9, Dex 12.
Increase (S)trength, (I)ntelligence, or (D)exterity?
You feel stronger.
You completely miss the giant cockroach.
* * * LOW HITPOINT WARNING * * *
You feel sick. The adder bites you but does no damage.
The bullfrog skeleton barely misses you.
The orc throws a boomerang.
The boomerang closely misses you.
The weapon returns to the orc!
You block the giant cockroach's attack.
The orc throws a boomerang.
The boomerang barely misses you.
The weapon returns to the orc!
You block the adder's attack. The adder bites you.
You die...

.....#..#...##
......o##...#
..........###
.......o.#
..##...o.#
........#####
.##.....o#..#
##(...s....#
.......S@S..#
.#..###Z#...#
#.. ####### #.
#


You could see 2 adders, 4 orcs, a giant cockroach and a bullfrog skeleton.

Vanquished Creatures
  A hound (D:4)
  A leopard gecko (D:1)
  4 goblins
  2 hobgoblins (D:1)
  A ball python (D:4)
  3 bats
  4 frilled lizards
  4 kobolds
  4 rats (D:1)
24 creatures vanquished.

Notes
Turn   | Place    | Note
-------+----------+-------------------------------------------
     0 | D:1      | Faels the Demonspawn Fighter began the quest for the Orb.
     0 | D:1      | Reached XP level 1. HP: 18/18 MP: 1/1
   247 | D:1      | Gained mutation: You have sharp toenails. [demonic
                  | ancestry]
   247 | D:1      | Reached XP level 2. HP: 24/24 MP: 2/2
  1181 | D:2      | You fall into a shaft and drop 2 floors!
  1215 | D:4      | Reached skill level 1 in Dodging
  1215 | D:4      | Reached XP level 3. HP: 3/29 MP: 3/3
  1215 | D:4      | Slain by an adder

Levels and vault maps discovered:
D:1:      dpeg_arrival_radiant, layout_loops_cross
D:2:      layout_basic, item_on_display_a
D:4:      layout_cave_pools, serial_shops, nicolae_shop_crystal,
          grunt_decor_arrowhead

Skill      XL: |  1  2 |
---------------+-------+-----
Axes           | 2 |  2.9
Dodging        | 1 |  1.2
Fighting       | |  3.4
Armour         | |  2.6
Shields        | |  2.6

Action                   || total
-------------------------++-------
Melee: War axe           ||    64
       Kick              ||     5
  Use: Potion            ||     1
  Eat: Chunk             ||     1
Armor: Scale mail        ||    38
Dodge: Dodged            ||    34
Block: Kite shield       ||    48

Table legend:
 A = Non-vault XP
 B = Vault XP
 C = Vault XP percentage of total XP
 D = Non-vault monster count
 E = Vault monster count
 F = Vault count percentage of total count
                 A         B        C        D         E       F
            +---------+---------+-------+---------+---------+-------
      Total |      76 |       0 |   0.0 |      24 |       0 |   0.0
            +---------+---------+-------+---------+---------+-------
        D:1 |      26 |       0 |   0.0 |      18 |       0 |   0.0
        D:2 |       6 |       0 |   0.0 |       4 |       0 |   0.0
        D:4 |      44 |       0 |   0.0 |       2 |       0 |   0.0
            +---------+---------+-------+---------+---------+-------
